 Dungeon Crawl Stone Soup version 0.31-a0-369-g8eba5f6939 (webtiles) character file.

Game seed: 818263589287430153

1475 hashsling the Trooper (level 8, -1/67 HPs)
             Began as a Merfolk Ice Elementalist on July 29, 2023.
             Was an Initiate of Vehumet.
             Killed from afar by a white imp (7 damage)
             ... with a puff of frost
             ... on level 6 of the Dungeon.
             The game lasted 00:13:55 (5407 turns).

hashsling the Trooper (Merfolk Ice Elementalist)    Turns: 5407, Time: 00:13:55

Health: -1/67      AC:  9    Str: 14    XL:     8   Next: 78%
Magic:  0/11       EV: 12    Int: 17    God:    Vehumet [......]
Gold:   310        SH:  0    Dex: 20    Spells: 4/11 levels left

rFire   . . .        w - +0 scythe
rCold   . . .        (shield currently unavailable)
rNeg    . . .        f - +4 ring mail
rPois   .            (no helmet)
rElec   .            (no cloak)
rCorr   .            (no gloves)
SInv    .            (no boots)
Will    .....        (no amulet)
Stlth   ++           v - +6 ring of strength
HPRegen 0.31/turn    z - +6 ring of dexterity
MPRegen 0.12/turn

%: no passive effects
@: freezing walls, very slightly contaminated
A: (nimble swimmer 2), mertail
a: Renounce Religion


You were on level 6 of the Dungeon.
You worshipped Vehumet.
Vehumet was noncommittal.
You visited 1 branch of the dungeon, and saw 6 of its levels.

You collected 310 gold pieces.

Inventory:

Hand Weapons
 r - a +4 vampiric hand axe
 s - a +0 trident
 w - a +0 scythe (weapon)
Armour
 a - a +0 robe
 f - a +4 ring mail (worn)
Jewellery
 v - a +6 ring of strength (left hand)
 z - a +6 ring of dexterity (right hand)
Wands
 m - a wand of mindburst (17)
 t - a wand of flame (22)
Scrolls
 c - a scroll of amnesia {unknown}
 d - 4 scrolls of identify {unknown}
 e - 3 scrolls of poison {unknown}
 i - 4 scrolls of noise {unknown}
 j - a scroll of enchant weapon {unknown}
 l - 3 scrolls of enchant armour {unknown}
 n - 4 scrolls of teleportation {unknown}
 x - a scroll of silence {unknown}
 y - a scroll of fog {unknown}
Potions
 b - 2 potions of magic
 g - 2 potions of mutation {unknown}
 h - a potion of ambrosia {unknown}
 k - 2 potions of heal wounds {unknown}
 o - a potion of enlightenment {unknown}
 p - a potion of attraction {unknown}
 q - a potion of cancellation {unknown}
 u - a potion of degeneration {unknown}


   Skills:
 + Level 7.5 Fighting
 + Level 7.0 Polearms
 - Level 1.0 Armour
 - Level 4.0 Dodging
 - Level 2.1 Stealth
 - Level 2.0 Spellcasting
 - Level 7.0 Ice Magic


You had 4 spell levels left.
You knew the following spells:

 Your Spells              Type           Power      Damage    Failure   Level
a - Freeze                Ice            100%       1d10      2%          1
b - Frozen Ramparts       Ice            50%        1d8       7%          3
c - Ozocubu's Armour      Ice            25%        N/A       7%          3

Your spell library contained the following spells:

 Spells                   Type           Power      Damage    Failure   Level
 Summon Ice Beast         Ice/Summ       13%        N/A       67%         4
 Metabolic Englaciation   Hex/Ice        6%         N/A       95%         5
 Simulacrum               Ice/Necr       6%         N/A       100%        6


Dungeon Overview and Level Annotations

Branches:
Dungeon (6/15)
 Temple: D:4-7

Altars:
Gozag
Qazlal
Vehumet
Wu Jian
Zin


Innate Abilities, Weirdness & Mutations

((You are very nimble when in or above water. (Stealth+, EV+, Speed+++)))
Your lower body shifts to a powerful aquatic tail in water.


Message History

The white imp resists.
The wall freezes the white imp.
The white imp hits you but does no damage.
You closely miss the centaur.
The centaur is moderately wounded.
The wall freezes the centaur.
The centaur barely misses you. The centaur kicks you.
* * * LOW HITPOINT WARNING * * *
The wall freezes the white imp but does no damage.
The white imp closely misses you.
The wall freezes the centaur.
The centaur barely misses you. The centaur kicks you.
* * * LOW HITPOINT WARNING * * *
Casting: Frozen Ramparts (dangerous; 7% risk of failure)
Confirm with . or Enter, or press ? or * to list all spells.
Aiming: Freeze (safe; 2% risk of failure)
Press: ? - help, Shift-Dir - straight line, f - centaur
Aim: a centaur (severely wounded)
You freeze the centaur.
The centaur is severely wounded.
The wall freezes the centaur.
The centaur barely misses you.
The centaur kicks you but does no damage.
The white imp completely resists.
The wall freezes the white imp but does no damage.
The white imp shouts, "Remove thy stench, thou errant two-tin-hat mish-mash!"
The white imp gestures at you. The puff of frost hits you.
* * * LOW HITPOINT WARNING * * *
Casting: Freeze (safe; 2% risk of failure)
Confirm with . or Enter, or press ? or * to list all spells.
Aiming: Freeze (safe; 2% risk of failure)
Press: ? - help, Shift-Dir - straight line, f/p - centaur
Aim: a centaur (severely wounded)
You freeze the centaur.
The centaur is almost dead.
The wall freezes the centaur.
You kill the centaur!
Vehumet accepts your kill.
The white imp resists.
The wall freezes the white imp.
The white imp gestures at you. The puff of frost hits you!
You die...

#.# #.##### #.##..
#.##.# # #.##.##.##
#####.........
#...††...#
######.#####.5###.#... #
#...##.#####..@)....#
.##.#.......##.####.....
.##...##.##.##.# .#.
.###.###.# .##.# .....#
#.. ..... #.####
####.###. #.# .....#.
#.# .......
#.#######.....#.


You could see a white imp.

Vanquished Creatures
  Sigmund (D:5)
  Eustachio (D:4)
  2 black bears (D:5)
  2 ogres
  2 centaurs
  A phantom (D:5)
  3 bullfrogs (D:6)
  2 scorpions
  An orc priest (D:6)
  2 iguanas
  Ijyb (D:3)
  2 sleepcaps
  3 orc wizards
  5 adders
  A shadow imp (D:4)
  2 white imps
  2 ufetubi
  3 dart slugs (D:1)
  10 orcs
  6 ball pythons
  7 bats
  5 endoplasms
  4 giant cockroaches
  5 hobgoblins
  4 quokkas
  2 frilled lizards
  5 goblins
  5 kobolds
  4 rats
93 creatures vanquished.

Notes
Turn   | Place    | Note
-------+----------+-------------------------------------------
     0 | D:1      | hashsling the Merfolk Ice Elementalist began the quest for
                  | the Orb.
     0 | D:1      | Reached XP level 1. HP: 13/13 MP: 3/3
   139 | D:1      | Reached XP level 2. HP: 19/19 MP: 1/5
   240 | D:1      | Found a faded altar of an unknown god.
   301 | D:1      | Reached skill level 5 in Ice Magic
   447 | D:1      | Reached skill level 1 in Fighting
   524 | D:1      | Reached XP level 3. HP: 26/26 MP: 3/6
   740 | D:2      | Learned a level 3 spell: Frozen Ramparts
  1207 | D:2      | Reached XP level 4. HP: 33/33 MP: 5/7
  1766 | D:3      | Found a stormy altar of Qazlal.
  1819 | D:3      | Reached skill level 1 in Armour
  1949 | D:3      | Noticed Ijyb
  1964 | D:3      | Killed Ijyb
  2130 | D:3      | Learned a level 3 spell: Ozocubu's Armour
  2731 | D:4      | Reached XP level 5. HP: 32/38 MP: 5/8
  2833 | D:4      | Noticed Eustachio
  2836 | D:4      | Killed Eustachio
  2837 | D:4      | Reached XP level 6. HP: 49/49 MP: 9/9
  3349 | D:4      | Reached skill level 5 in Fighting
  3799 | D:5      | Entered Level 5 of the Dungeon
  3804 | D:5      | Noticed a black bear
  3837 | D:5      | Killed a black bear
  3838 | D:5      | Reached XP level 7. HP: 51/56 MP: 4/10
  4284 | D:5      | Reached skill level 1 in Polearms
  4380 | D:5      | Found a radiant altar of Vehumet.
  4384 | D:5      | Became a worshipper of Vehumet
  4390 | D:5      | Found an ornate altar of the Wu Jian Council.
  4393 | D:5      | Found an opulent altar of Gozag.
  4396 | D:5      | Found a glowing silver altar of Zin.
  4435 | D:5      | Identified the +0 leather armour of Uwod Mir {rPois Str-3
                  | Dex+6 Stlth-}
  4729 | D:5      | Noticed Sigmund
  4737 | D:5      | Killed Sigmund
  4738 | D:5      | Reached XP level 8. HP: 55/65 MP: 7/11
  4912 | D:5      | Reached skill level 5 in Polearms
  5407 | D:6      | Killed from afar by a white imp

Illustrated notes

Levels and vault maps discovered:
D:1:      roderic_crop_circles_arrival_small, layout_rooms,
          ebering_ecumenical_altar_hall
D:2:      layout_basic
D:3:      layout_loops_ring, general_overflow_altar, minivault_5, uniq_ijyb
D:4:      layout_cave_pods, uniq_eustachio
D:5:      layout_basic, grunt_temple_overflow_cloverleaf, serial_bayou_pond_d,
          minivault_23, serial_bayou_lake_a, uniq_sigmund
D:6:      layout_loops_cross, nicolae_figureground_sparkle, uniq_menkaure,
          uniq_crazy_yiuf_cottage

Skill      XL: |  1  2  3  4  5  6  7  8 |
---------------+-------------------------+-----
Dodging        | 3 4 |  4.0
Ice Magic      | 5 6 7 |  7.0
Fighting       | 1 2 4 5 6 7 |  7.5
Armour         | 1 |  1.0
Polearms       | 4 7 |  7.0
Stealth        | |  2.1
Spellcasting   | |  2.0

Action                     |  1- 3 |  4- 6 |  7- 9 || total
---------------------------+-------+-------+-------++-------
  Melee: Unarmed           |    17 |       |       ||    17
         Dagger            |    40 |    27 |       ||    67
         Quarterstaff      |       |     3 |       ||     3
         Punch             |       |     1 |       ||     1
         Hand axe          |       |    40 |    15 ||    55
         Trident           |       |       |    14 ||    14
         Halberd           |       |       |    27 ||    27
   Cast: Freeze            |    32 |    45 |    37 ||   114
         Frozen Ramparts   |       |     1 |     7 ||     8
  Evoke: Wand              |       |     3 |       ||     3
   Stab: Sleeping          |     2 |       |     1 ||     3
         Distracted        |       |       |     1 ||     1
 Armour: Robe              |     8 |       |       ||     8
         Ring mail         |    21 |    61 |    49 ||   131
  Dodge: Dodged            |    61 |    46 |    54 ||   161

Table legend: (Time is in decaauts)
 A = Elapsed time spent in this place.
 B = Non-inter-level travel time spent in this place.
 C = Inter-level travel time spent in this place.
 D = Time resting spent in this place.
 E = Time spent auto-exploring this place.
 F = Levels seen in this place.
 G = Mean time per level.
                   A        B        C        D        E       F      G
               +--------+--------+--------+--------+--------+-----+--------+
         Total |   5393 |   5235 |    158 |     22 |   4391 |   6 |  898.8 |
       Dungeon |   5393 |   5235 |    158 |     22 |   4391 |   6 |  898.8 |
               +--------+--------+--------+--------+--------+-----+--------+

Top non-repeatable levels by time:
     D:5: 1190 daAuts
     D:4: 1123 daAuts
     D:2: 1039 daAuts
     D:3: 989 daAuts
     D:1: 657 daAuts
     D:6: 394 daAuts
